 Dungeon Crawl Stone Soup version 0.31-a0-848-gaac375c287 (webtiles) character file.

Game seed: 13622073411589149838

68 rageheart7 the Trooper (level 4, 0/42 HPs)
             Began as an Armataur Fighter on Oct 5, 2023.
             Slain by a goblin
             ... wielding a +0 dagger
             ... led by Robin
              (3 damage)
             ... on level 3 of the Dungeon.
             The game lasted 00:01:54 (1632 turns).

rageheart7 the Trooper (Armataur Fighter)           Turns: 1632, Time: 00:01:54

Health: 0/42       AC:  6    Str: 23    XL:     4   Next: 1%
Magic:  4/4        EV:  7    Int: 14    God:
Gold:   102        SH:  4    Dex: 10    Spells: 3/3 levels left

rFire   . . .        a - +0 flail
rCold   . . .        c - +0 buckler
rNeg    . . .        b - +0 scale mail
rPois   .            (no helmet)
rElec   .            (no cloak)
rCorr   .            (no gloves)
SInv    .            (no barding)
Will    .....        (no amulet) Stlth
                     k - +6 ring of intelligence
HPRegen 0.27/turn    (no ring)
MPRegen 0.09/turn

%: roll
@: no status effects
A: large, rugged brown scales 3, deformed body, armoured tail, roll, long
tongue, awkward tongue
a: no special abilities


You were on level 3 of the Dungeon.
You visited 1 branch of the dungeon, and saw 3 of its levels.

You collected 102 gold pieces.

Inventory:

Hand Weapons
 a - a +0 flail (weapon)
Armour
 b - a +0 scale mail (worn)
 c - a +0 buckler (worn)
Jewellery
 k - a +6 ring of intelligence (left hand)
Scrolls
 g - a scroll of fog {unknown}
 h - a scroll of poison {unknown}
Potions
 d - 2 potions of might
 f - a potion of brilliance {unknown}
 i - a potion of heal wounds {unknown}
 j - 2 potions of curing {unknown}


   Skills:
 * Level 3.7 Fighting
 * Level 3.0 Maces & Flails
 - Level 3.6 Armour
 - Level 3.2 Shields


You had 3 spell levels left.
You didn't know any spells.
Your spell library was empty.

Dungeon Overview and Level Annotations

Branches:
Dungeon (3/15)

Altars:
Sif Muna


Innate Abilities, Weirdness & Mutations

You are completely covered in rugged brown scales. (AC +3, +7% HP)
Armour fits poorly on your strangely shaped body.
You have a long armoured tail.
You roll when moving toward enemies. (Rampage)
Your long tongue fully drains potion bottles. (2x potion effects)
Your tongue gives you trouble enunciating. (1.5x scroll delay)


Message History

You hit Robin.
Your tail-slap misses Robin.
Robin is heavily wounded.
The goblin barely misses you. Robin hits you but does no damage.
The goblin barely misses you.
You hit Robin.
Robin is almost dead.
The goblin hits you but does no damage. Robin barely misses you.
The goblin hits you with a +0 dagger. The goblin hits you with a +0 club.
Robin barely misses you. You block the goblin's attack.
You closely miss Robin.
Robin is almost dead.
The goblin no longer looks unusually strong.
The goblin barely misses you.
Robin roars a battlecry!
The goblin goes into a battle-frenzy!
The goblin hits you with a +0 dagger.
* * * LOW HITPOINT WARNING * * *
You hit Robin but do no damage.
Robin is almost dead.
The goblin closely misses you.
Robin says, "My goblins will feast on your bones."
Robin barely misses you. The goblin barely misses you.
You barely miss Robin.
Robin is almost dead.
The goblin no longer looks unusually strong.
The goblin hits you but does no damage. Robin misses you.
The goblin hits you but does no damage.
You hit Robin but do no damage.
Robin is almost dead.
The goblin hits you but does no damage. Robin hits you with a +0 club.
* * * LOW HITPOINT WARNING * * *
The goblin hits you with a +0 dagger.
* * * LOW HITPOINT WARNING * * *
You block the goblin's attack.
You hit Robin.
You kill Robin!
The goblin hits you with a +0 dagger.
* * * LOW HITPOINT WARNING * * *
The goblin closely misses you. The goblin hits you with a +0 dagger.
You die...

#...# #.# #...# #.# .
#...# #.#####.
#####..g####.......
#......g.g..g.# .<
...!.....g....# .##
#.......<...#.# ..#
#.#
#####...#####.##.#...#
#...# #.)@g...# #...#
####g#### #...# .#
##.## .# #. .# .. .#
.. .#


You could see 2 goblins.

Vanquished Creatures
  Robin (D:3)
  An adder (D:2)
  A worm (D:2)
  A dart slug (D:2)
  3 ball pythons
  3 bats
  4 endoplasms
  8 goblins
  8 hobgoblins
  3 jackals (D:2)
  3 quokkas
  2 frilled lizards
  5 kobolds
  5 rats (D:1)
48 creatures vanquished.

Notes
Turn   | Place    | Note
-------+----------+-------------------------------------------
     0 | D:1      | rageheart7 the Armataur Fighter began the quest for the
                  | Orb.
     0 | D:1      | Reached XP level 1. HP: 19/19 MP: 1/1
   194 | D:1      | Reached XP level 2. HP: 25/27 MP: 2/2
   750 | D:2      | Reached XP level 3. HP: 9/33 MP: 3/3
   959 | D:2      | Found a shimmering blue altar of Sif Muna.
  1588 | D:3      | Noticed Robin
  1593 | D:3      | Paralysed by a goblin for 2 turns
  1624 | D:3      | Reached XP level 4. HP: 19/42 MP: 4/4
  1632 | D:3      | Killed Robin
  1632 | D:3      | Slain by a goblin

Illustrated notes

Levels and vault maps discovered:
D:1:      dpeg_arrival_long_road, layout_basic, minmay_stone_trees_small
D:2:      mumra_celtic_spiral_tile, layout_basic, basic_altar
D:3:      layout_loops_cross, mainiacjoe_overflow_six_doors_small, uniq_robin

Skill      XL: |  1  2  3 |
---------------+----------+-----
Maces & Flails | 2 3 |  3.0
Fighting       | 3 |  3.7
Armour         | |  3.6
Shields        | |  3.2

Action                     |  1- 3 |  4- 6 || total
---------------------------+-------+-------++-------
  Melee: Flail             |   111 |     9 ||   120
         Tailslap          |    13 |     1 ||    14
    Use: Scroll            |     1 |       ||     1
 Armour: Scale mail        |    86 |    15 ||   101
  Dodge: Dodged            |    35 |    11 ||    46
  Block: Buckler           |    29 |     4 ||    33

Table legend: (Time is in decaauts)
 A = Elapsed time spent in this place.
 B = Non-inter-level travel time spent in this place.
 C = Inter-level travel time spent in this place.
 D = Time resting spent in this place.
 E = Time spent auto-exploring this place.
 F = Levels seen in this place.
 G = Mean time per level.
                   A        B        C        D        E       F      G
               +--------+--------+--------+--------+--------+-----+--------+
         Total |   1667 |   1640 |     27 |      0 |   1362 |   3 |  555.7 |
       Dungeon |   1667 |   1640 |     27 |      0 |   1362 |   3 |  555.7 |
               +--------+--------+--------+--------+--------+-----+--------+

Top non-repeatable levels by time:
     D:2: 858 daAuts
     D:1: 746 daAuts
     D:3: 62 daAuts
